 Dungeon Crawl Stone Soup version 0.32-a0-314-g526f7d4993 (webtiles) character file.

Game seed: 2652283601333314098

38 kae the Changeling (level 3, 0/26 HPs)
             Began as a Demonspawn Shapeshifter on Feb 15, 2024.
             Slain by a hobgoblin (4 damage)
             ... on level 1 of the Dungeon.
             The game lasted 00:00:23 (311 turns).

kae the Changeling (Demonspawn Shapeshifter)         Turns: 311, Time: 00:00:24

Health: 0/26       AC:  2    Str: 14    XL:     3   Next: 25%
Magic:  3/3        EV: 12    Int: 10    God:
Gold:   26         SH:  0    Dex: 14    Spells: 2/2 levels left

rFire   . .          .
                       - Unarmed
rCold   . . .        (no shield)
rNeg    . . .        a - +0 animal skin
rPois   .            (helmet currently unavailable)
rElec   .            (cloak currently unavailable)
rCorr   .            (gloves currently unavailable)
SInv    .            (boots currently unavailable)
Will    .....        (no amulet)
Stlth   +            (no ring)
HPRegen 0.24/turn    (no ring)
MPRegen 0.08/turn

%: no passive effects
@: beast-form
A: beast (slay +2), ignite blood 1
a: Begin Untransformation


You were on level 1 of the Dungeon.
You were a hulking beast.
You visited 1 branch of the dungeon, and saw 1 of its levels.

You collected 26 gold pieces.


Innate Abilities, Weirdness & Mutations

You are a hulking beast.
Your limbs bulge with bestial killing power. (Slay +2)
Your demonic aura sometimes causes spilled blood to erupt in flames.


   Skills:
 - Level 1.0 Fighting
 - Level 1.7 Dodging
 - Level 2.6 Unarmed Combat
 + Level 3.8 Shapeshifting


You had 2 spell levels left.
You didn't know any spells.
Your spell library was empty.

Inventory:

Missiles
 e - 2 poisoned darts (quivered)
Armour
 a - a +0 animal skin (worn)
Talismans
 c - a beast talisman (active)
 d - a flux talisman
Scrolls
 f - a scroll of enchant armour {unknown}
 g - 3 scrolls of blinking {unknown}
Potions
 b - a potion of lignification {!q}
 h - a potion of haste {unknown}
 i - a potion of curing {unknown}

Dungeon Overview and Level Annotations

Branches:
Dungeon (1/15) Zot: 5691

Altars:

.......##.# ....
.......##.# #. ...
..รท....##.# #.
... .).....##.# #.
..# .......##.# #.
#..# .#####.##.#
#. ##...
..........# #$
#..# .#####.####
#.###)##.+ .## #.#
#..h.....# ..# #.#
####g###.# ..#
#.#########..#####
..#
#............(...#
..#
#########...######
..#### #...#
.....# ....#
.###.########.####
.###.##.........


You could see a hobgoblin.


Message History

A giant cockroach is nearby!
Unknown command.
You closely miss the giant cockroach.
The giant cockroach bites you but does no damage.
You barely miss the giant cockroach. The giant cockroach barely misses you.
The giant cockroach completely misses you. ๐Ÿ˜• HP[+1]
You hit the giant cockroach. The giant cockroach barely misses you.
You hit the giant cockroach.
You kill the giant cockroach!
A kobold comes into view. It is wielding a +0 short sword.
The kobold shouts!
An endoplasm comes into view.
The endoplasm quivers. ๐Ÿ˜Ž HP[+1]
Your hp is fully restored (26).
There are monsters nearby!
You hit the endoplasm.
A ball python comes into view.
The kobold throws a stone.
The stone closely misses you. The endoplasm hits you.
You punch the endoplasm!
You kill the endoplasm!
A goblin comes into view. It is wielding a +0 dagger.
There are monsters nearby!
Unknown command. ๐Ÿ˜• HP[-1]
You take 1 damage, and now have 25/26 hp.
There are monsters nearby!
There are monsters nearby!
The kobold hits you with a +0 short sword.
You punch the kobold!
You kill the kobold!
A hobgoblin comes into view. ๐Ÿ˜• HP[-4]
You take 4 damage, and now have 21/26 hp.
There are monsters nearby!
The ball python barely misses you. The ball python grabs you.
The ball python constricts you.
Things that are here:
a +0 short sword; a stone You closely miss the ball python.
The hobgoblin shouts!
The ball python bites you but does no damage.
The ball python constricts you.
There are monsters nearby!
There are monsters nearby!
You closely miss the ball python. The ball python closely misses you.
The ball python constricts you. The goblin hits you with a +0 dagger.
You are too injured to fight recklessly! ๐Ÿ˜ฎ HP[-4]
You take 4 damage, and now have 17/26 hp.
You are too injured to fight recklessly!
You are too injured to fight recklessly!
Unknown command.
There are monsters nearby!
You are too injured to fight recklessly!
You are too injured to fight recklessly!
You are too injured to fight recklessly!
You are too injured to fight recklessly!
The ball python's grasp on you weakens, but your attempt to escape fails.
The ball python bites you. The ball python constricts you.
The goblin hits you but does no damage. The ball python closely misses you.
The ball python constricts you. ๐Ÿ˜ฎ HP[-3]
You take 3 damage, and now have 14/26 hp.
Unknown command.
You escape the ball python's grasp.
The goblin attacks as it pursues you!
The goblin closely misses you. ๐Ÿ˜ฎ HP[+1]
The goblin attacks as it pursues you! The goblin hits you with a +0 dagger.
* * * LOW HITPOINT WARNING * * *
๐Ÿ˜จ HP[-3]
You take 3 damage, and now have 12/26 hp.
You hit the goblin.
The goblin is engulfed in blazing flames.
You kill the goblin!
The ball python barely misses you. The ball python grabs you.
The ball python constricts you.
You see here a +0 dagger.
You barely miss the ball python. The ball python bites you.
* * * LOW HITPOINT WARNING * * *
The ball python constricts you. The ball python closely misses you.
The ball python constricts you.
* * * LOW HITPOINT WARNING * * *
๐Ÿ˜จ HP[-3]
You take 3 damage, and now have 9/26 hp.
You hit the ball python. The hobgoblin hits you.
* * * LOW HITPOINT WARNING * * *
The ball python bites you.
* * * LOW HITPOINT WARNING * * *
The ball python constricts you. ๐Ÿ˜ฑ HP[-5]
You take 5 damage, and now have 4/26 hp.
You hit the ball python.
You kill the ball python!
The hobgoblin hits you.
You die...

Skill      XL: |  1 |
---------------+----+-----
Shapeshifting  | 3 |  3.8
Fighting       | |  1.0
Dodging        | |  1.7
Unarmed Combat | |  2.6

Action                     || total
---------------------------++-------
  Melee: Unarmed           ||    70
         Punch             ||     1
   Stab: Sleeping          ||     1
 Armour: Animal skin       ||    38
  Dodge: Dodged            ||    62

Levels and vault maps discovered:
D:1:      lordsloth_arrival_two_stooges, layout_basic, minmay_fountain_box

Notes
Turn   | Place    | Note
-------+----------+-------------------------------------------
     0 | D:1      | kae the Demonspawn Shapeshifter began the quest for the
                  | Orb.
     0 | D:1      | Reached XP level 1. HP: 15/15 MP: 1/1
     0 | D:1      | magus.rc [v1.11.3]
    37 | D:1      | Reached skill level 3 in Shapeshifting
    51 | D:1      | Gained mutation: Your demonic aura sometimes causes spilled
                  | blood to erupt in flames. [demonic ancestry]
    51 | D:1      | Reached XP level 2. HP: 16/21 MP: 2/2
   204 | D:1      | Reached XP level 3. HP: 26/26 MP: 3/3
   310 | D:1      | HP: 5/26 [hobgoblin (4)]
   311 | D:1      | Slain by a hobgoblin

Vanquished Creatures
  2 ball pythons (D:1)
  2 endoplasms (D:1)
  A giant cockroach (D:1)
  2 goblins (D:1)
  4 hobgoblins (D:1)
  A quokka (D:1)
  4 bats (D:1)
  A frilled lizard (D:1)
  2 kobolds (D:1)
  3 rats (D:1)
22 creatures vanquished.

Table legend:
 A = Non-vault XP
 B = Vault XP
 C = Vault XP percentage of total XP
 D = Non-vault monster count
 E = Vault monster count
 F = Vault count percentage of total count
                 A         B        C        D         E       F
            +---------+---------+-------+---------+---------+-------
      Total |      58 |       0 |   0.0 |      22 |       0 |   0.0
            +---------+---------+-------+---------+---------+-------
        D:1 |      58 |       0 |   0.0 |      22 |       0 |   0.0
            +---------+---------+-------+---------+---------+-------

Skill      XL: |  1 |
---------------+----+-----
Shapeshifting  | 3 |  3.8
Fighting       | |  1.0
Dodging        | |  1.7
Unarmed Combat | |  2.6

Action                     || total
---------------------------++-------
  Melee: Unarmed           ||    70
         Punch             ||     1
   Stab: Sleeping          ||     1
 Armour: Animal skin       ||    38
  Dodge: Dodged            ||    62

Illustrated notes

Table legend:
 A = Kills in this place as a percentage of kills in the entire game.
 B = Kills by you in this place as a percentage of kills by you in the entire game.
 C = Kills by friends in this place as a percentage of kills by friends in the entire game.
 D = Other kills in this place as a percentage of other kills in the entire game.
 E = Experience gained in this place as a percentage of experience gained in the entire game.
 F = Experience gained in this place divided by the number of levels of this place that you have seen.
                   A       B       C       D       E      F
               +-------+-------+-------+-------+-------+----------------------
         Total | 100.0 | 100.0 |   N/A |   N/A | 100.0 |  58.0
       Dungeon | 100.0 | 100.0 |   N/A |   N/A | 100.0 |  58.0
               +-------+-------+-------+-------+-------+----------------------

Table legend: (Time is in decaauts)
 A = Elapsed time spent in this place.
 B = Non-inter-level travel time spent in this place.
 C = Inter-level travel time spent in this place.
 D = Time resting spent in this place.
 E = Time spent auto-exploring this place.
 F = Levels seen in this place.
 G = Mean time per level.
                   A        B        C        D        E       F      G
               +--------+--------+--------+--------+--------+-----+--------+
         Total |    307 |    307 |      0 |      0 |    187 |   1 |  307.0 |
       Dungeon |    307 |    307 |      0 |      0 |    187 |   1 |  307.0 |
               +--------+--------+--------+--------+--------+-----+--------+

Top non-repeatable levels by time:
     D:1: 307 daAuts
